 Dungeon Crawl Stone Soup version 0.26.0-45-g9c1d065592 (webtiles) character file.

Game seed: 4122665492557947677

32 kaeus the Stinger (level 3, -1/23 HPs)
             Began as an Octopode Venom Mage on Jan 30, 2021.
             Slain by a rat (3 damage)
             ... on level 3 of the Dungeon.
             The game lasted 00:01:53 (1165 turns).

kaeus the Stinger (Octopode Venom Mage)             Turns: 1165, Time: 00:01:53

Health: -1/23      AC:  1    Str:  7    XL:     3   Next: 27%
Magic:  2/6        EV: 13    Int: 18    God:
Gold:   91         SH:  0    Dex: 12    Spells: 2/6 levels left

rFire    . . .     SeeInvis .   (no weapon)
rCold    . . .     Faith    .   (no shield)
rNeg     . . .     Spirit   .   (helmet restricted)
rPois    .         Reflect  .   (no amulet)
rElec    .         Harm     .   (no ring)
rCorr    .         Rampage  .   (no ring)
Will     .....                  (no ring)
Stlth    +++.......             (no ring)
HPRegen  0.07/turn              (no ring)
MPRegen  0.10/turn              (no ring)
                                (no ring)
                                (no ring)

@: no status effects
A: almost no armour, stealthy swim, amphibious, 8 rings, constrict 8, camouflage
1, gelatinous body 1
a: no special abilities


You were on level 3 of the Dungeon.
You visited 1 branch of the dungeon, and saw 3 of its levels.

You collected 91 gold pieces.

Inventory:

Scrolls
 a - 2 scrolls of amnesia
 e - a scroll of enchant armour
 f - a scroll of magic mapping
 g - a scroll of identify
 j - a scroll of teleportation {unknown}
Potions
 b - a potion of curing {unknown}
 i - a potion of brilliance {unknown}


   Skills:
 + Level 1.0 Fighting
 - Level 2.0 Dodging
 - Level 2.6 Stealth
 + Level 2.3 Spellcasting
 * Level 2.1 Transmutations
 - Level 4.0 Poison Magic


You had 2 spell levels left.
You knew the following spells:

 Your Spells              Type           Power        Failure   Level
a - Sting                 Tmut/Pois      52%          4%          1
b - Mephitic Cloud        Conj/Pois/Air  6%           30%         3

Your spell library contained the following spells:

 Spells                   Type           Power        Failure   Level
 Poisonous Vapours        Pois/Air       18%          12%         2
 Ignite Poison            Fire/Tmut/Pois 9%           22%         3
 Olgreb's Toxic Radiance  Pois           16%          34%         4


Dungeon Overview and Level Annotations

Branches:
Dungeon (2/15)

Altars:


Innate Abilities, Weirdness & Mutations

You cannot wear most types of armour.
You are very stealthy in the water. (Stealth+)
You are amphibious.
You can wear up to eight rings at the same time.
You can use your tentacles to constrict eight enemies at once.
Your skin changes colour to match your surroundings (Stealth+).
Your rubbery body absorbs attacks. (AC +1, EV +1)


Message History

You take 1 damage, and have 20/23 hp.
The bullfrog hits the orc!
The orc is killed!
A hobgoblin comes into view. It is wielding a +0 club.
The orc priest is engulfed in noxious fumes.
The orc priest barely misses you.
The bullfrog is engulfed in noxious fumes.
The bullfrog appears confused.
You feel less confused. The orc priest barely misses you.
The hobgoblin closely misses you.
A rat comes into view.
The orc priest invokes the aid of Beogh against you.
Pain shoots through your body!
You take 7 damage, and have 13/23 hp.
MASSIVE DAMAGE!!
The bullfrog hits the orc priest.
The orc priest mumbles some strange prayers to Beogh against you.
Pain shoots through your body!
* * * LOW HITPOINT WARNING * * *
The rat bites you.
You die...

#.###g# #.... #).#
#####g.## #.$.....#
# #....F..#
#.#...o...#####
######......gr......
............@..####
# #..............#
## #.######.......#
.## #.# #########.<#
..###.# #..†.......#
...##.#
#.########......
†.###.###.# ######
..........#
......#####


You could see a bullfrog (confused), an orc priest, 2 hobgoblins and a rat.

Vanquished Creatures
  2 worms
  A leopard gecko (D:1)
  3 orcs
  4 bats
  2 goblins (D:1)
  4 jackals (D:1)
  A quokka (D:3)
  3 frilled lizards
  2 kobolds
  2 rats
24 creatures vanquished.

Notes
Turn   | Place    | Note
-------+----------+-------------------------------------------
     0 | D:1      | kaeus the Octopode Venom Mage began the quest for the Orb.
     0 | D:1      | Reached XP level 1. HP: 11/11 MP: 3/3
   190 | D:1      | Reached skill level 4 in Poison Magic
   280 | D:1      | Reached XP level 2. HP: 16/17 MP: 3/5
  1043 | D:2      | You fall into a shaft and drop 1 floor!
  1057 | D:3      | Reached XP level 3. HP: 22/22 MP: 4/6
  1061 | D:3      | Learned a level 3 spell: Mephitic Cloud
  1095 | D:3      | Reached skill level 1 in Fighting
  1155 | D:3      | Noticed a bullfrog
  1165 | D:3      | Slain by a rat

Illustrated notes

Levels and vault maps discovered:
D:1:      lightli_arrival_statue_moat, layout_loops_ring
D:2:      layout_basic, uniq_terence
D:3:      layout_loops_ring, old_standard_altar, minmay_misc_feat_hallway,
          uniq_natasha

Skill      XL: |  1  2  3 |
---------------+----------+-----
Poison Magic   | 4 |  4.0
Fighting       | 1 |  1.0
Transmutations | 2 |  2.1
Dodging        | |  2.0
Stealth        | |  2.6
Spellcasting   | |  2.3

Action                   || total
-------------------------++-------
Melee: Unarmed           ||    39
       Constrict         ||    11
       Tentacles         ||     7
 Cast: Sting             ||    29
       Mephitic Cloud    ||     1
  Use: Scroll            ||     6
Armor: Skin              ||     3
Dodge: Dodged            ||    32
